 Dungeon Crawl Stone Soup version 0.28-a0-1159-g27aa881441 (webtiles) character file.

Game seed: 15287748711907635085

245 ytrimaz the Insei (level 6, -1/40 HPs)
             Began as an Octopode Transmuter on Dec 15, 2021.
             Killed from afar by an orc wizard (5 damage)
             ... with a magic dart
             ... on level 4 of the Dungeon.
             The game lasted 00:02:43 (4208 turns).

ytrimaz the Insei (Octopode Transmuter)             Turns: 4208, Time: 00:02:43

Health: -1/40      AC:  2    Str:  9    XL:     6   Next: 10%
Magic:  4/11       EV: 19    Int: 18    God:
Gold:   128        SH:  0    Dex: 17    Spells: 5/11 levels left

rFire   + . .      SeeInvis .     - Unarmed
rCold   + . .      Faith    .   (shield currently unavailable)
rNeg    . . .      Spirit   .   (helmet currently unavailable)
rPois   .          Reflect  .   (no amulet)
rElec   +          Harm     .   a - ring of poison resistance
rCorr   +          Rampage  .   (no ring)
Will    .....                   (no ring)
Stlth   ++........              (no ring)
HPRegen 0.13/turn               (no ring)
MPRegen 0.12/turn               (no ring)
                                (no ring)
                                (no ring)

@: spider-form, resistant
A: venomous fangs, almost no armour, (amphibious), 8 rings, tiny, (camouflage
1), (gelatinous body 1), (nimble swimmer 1), (tentacles)
a: End Transformation


You were on level 4 of the Dungeon.
You were a venomous arachnid creature.
You visited 1 branch of the dungeon, and saw 4 of its levels.

You collected 128 gold pieces.

Inventory:

Jewellery
 a - a ring of poison resistance (left front leg)
Potions
 d - a potion of mutation {unknown}
 e - a potion of brilliance {unknown}
 f - a potion of attraction {unknown}


   Skills:
 * Level 2.3 Fighting
 - Level 2.0 Dodging
 + Level 4.2 Unarmed Combat
 * Level 3.3 Spellcasting
 * Level 3.4 Transmutations
 * Level 1.4 Poison Magic


You had 5 spell levels left.
You knew the following spells:

 Your Spells              Type           Power      Damage    Failure   Level
a - Beastly Appendage     Tmut           30%        N/A       12%         1
b - Wereblood             Tmut           15%        N/A       17%         2
c - Spider Form           Tmut/Pois      11%        N/A       36%         3

Your spell library contained the following spells:

 Spells                   Type           Power      Damage    Failure   Level
 Ice Form                 Ice/Tmut       9%         N/A       80%         4


Dungeon Overview and Level Annotations

Branches:
Dungeon (3/15)

Altars:
The Shining One

Shops:
D:2 (


Innate Abilities, Weirdness & Mutations

You are a venomous arachnid creature.
You have poisonous fangs.
You are tiny and dextrous.
Your spellcasting is less reliable in this form.
Your armour is entirely melded.
You are incapable of wielding weapons or throwing items.
You cannot wear most types of armour.
((You are amphibious.))
You can wear up to eight rings at the same time.
((Your skin changes colour to match your surroundings (Stealth+).))
((Your rubbery body absorbs attacks. (AC +1, EV +1)))
((You are camouflaged near water. (Stealth+)))
((You have tentacles for arms and can constrict up to eight enemies at once.))


Message History

You bump into the rock wall.
You hear some strange, mumbled words.
A magic dart appears from out of thin air!
The magic dart hits you!
You miss something. Your squeeze misses something.
You feel less confused. Something barely misses you.
Unknown command.
You tentacle-slap something.
You hear some strange, mumbled words.
A puff of flame appears from out of thin air!
The puff of flame misses you.
You closely miss something. You tentacle-slap something.
You hear some strange, mumbled words.
A magic dart appears from out of thin air!
The magic dart hits you.
* * * LOW HITPOINT WARNING * * *
Unknown command.
You barely miss something. Your squeeze misses something. Something hits you.
* * * LOW HITPOINT WARNING * * *
Unknown command.
Casting: Wereblood (safe; 6% risk of failure)
Confirm with . or Enter, or press ? or * to list all spells.
The spell is quite dangerous to miscast (17% risk of failure)!
Continue anyway?
You turn into a venomous arachnid creature.
Something hits you.
* * * LOW HITPOINT WARNING * * *
Unknown command.
You hit something but do no damage.
You hear some strange, mumbled words.
A puff of flame appears from out of thin air!
The puff of flame hits you. You resist.
* * * LOW HITPOINT WARNING * * *
Unknown command.
You hit something. Something barely misses you.
You hit something.
You hear some strange, mumbled words.
A magic dart appears from out of thin air!
The magic dart hits you.
You die...

#. #.# ..# #
###.##.##..#.# .
...#...##>#.# $.
#......#.#.####
#.##!.............
#.............#
#...o..og#
#.†....#{#
#.g....##s#
.....#...###.#
#.##...### #.# #
##.# #.# #. #.# #.
#.######## #.
#........#
#.######.## #.##
#.?#


You could see an orc and a hobgoblin.

Vanquished Creatures
  A jelly (D:4)
  An orc priest (D:4)
  An iguana (D:4)
  Natasha (D:3)
  An orc wizard (D:4)
  3 adders
  A worm (D:2)
  3 dart slugs
  6 orcs (D:2)
  10 ball pythons
  6 bats
  2 endoplasms (D:1)
  4 giant cockroaches
  4 goblins
  A hobgoblin (D:1)
  3 jackals (D:4)
  5 kobolds (D:2)
  4 quokkas
  7 frilled lizards
  9 rats
73 creatures vanquished.

Notes
Turn   | Place    | Note
-------+----------+-------------------------------------------
     0 | D:1      | ytrimaz the Octopode Transmuter began the quest for the
                  | Orb.
     0 | D:1      | Reached XP level 1. HP: 13/13 MP: 3/3
   614 | D:1      | Reached XP level 2. HP: 13/18 MP: 3/5
   710 | D:1      | Found a faded altar of an unknown god.
  1245 | D:1      | Reached XP level 3. HP: 23/23 MP: 6/6
  1248 | D:1      | Learned a level 2 spell: Wereblood
  1252 | D:1      | Learned a level 3 spell: Spider Form
  2099 | D:2      | Reached XP level 4. HP: 29/29 MP: 5/7
  2124 | D:2      | Found Dotisoph's Weapon Emporium.
  2564 | D:2      | Found a glowing golden altar of the Shining One.
  3594 | D:3      | Noticed Natasha
  3602 | D:3      | Killed Natasha
  3603 | D:3      | Reached XP level 5. HP: 24/34 MP: 7/9
  3845 | D:3      | You fall into a shaft and drop 1 floor!
  3883 | D:4      | Reached skill level 4 in Unarmed Combat
  3888 | D:4      | Reached skill level 1 in Poison Magic
  4195 | D:4      | Reached XP level 6. HP: 31/40 MP: 6/11
  4208 | D:4      | Killed from afar by an orc wizard

Illustrated notes

Levels and vault maps discovered:
D:1:      lemuel_arrival_river_passageway, layout_loops_ring,
          chequers_ecumenical_altar_island
D:2:      layout_loops_ring, basic_altar, serial_shops, shop
D:3:      layout_basic, uniq_jessica, uniq_natasha
D:4:      layout_loops_ring, lightli_temple_of_fire, temple_doors_e,
          minmay_misc_feat_rows, hangedman_feature_mirror

Skill      XL: |  1  2  3  4  5 |
---------------+----------------+-----
Fighting       | 2 |  2.3
Transmutations | 3 |  3.4
Unarmed Combat | 4 |  4.2
Spellcasting   | 3 |  3.3
Poison Magic   | 1 |  1.4
Dodging        | |  2.0

Action                   |  1- 3 |  4- 6 || total
-------------------------+-------+-------++-------
Melee: Unarmed           |    92 |   113 ||   205
       Constrict         |    22 |    21 ||    43
       Tentacles         |    13 |    11 ||    24
       Kick              |    16 |     5 ||    21
       Punch             |     1 |     1 ||     2
 Cast: Beastly Appendage |    16 |    10 ||    26
       Wereblood         |       |     1 ||     1
       Spider Form       |       |     3 ||     3
  Use: Scroll            |     2 |     4 ||     6
       Potion            |       |     2 ||     2
 Stab: Sleeping          |     5 |     3 ||     8
Armor: Skin              |     9 |     9 ||    18
Dodge: Dodged            |    62 |    79 ||   141

Table legend: (Time is in decaauts)
 A = Elapsed time spent in this place.
 B = Non-inter-level travel time spent in this place.
 C = Inter-level travel time spent in this place.
 D = Time resting spent in this place.
 E = Time spent auto-exploring this place.
 F = Levels seen in this place.
 G = Mean time per level.
                   A        B        C        D        E       F      G
               +--------+--------+--------+--------+--------+-----+--------+
         Total |   4192 |   4141 |     51 |    266 |   3296 |   4 | 1048.0 |
       Dungeon |   4192 |   4141 |     51 |    266 |   3296 |   4 | 1048.0 |
               +--------+--------+--------+--------+--------+-----+--------+

Top non-repeatable levels by time:
     D:2: 1591 daAuts
     D:1: 1506 daAuts
     D:3: 734 daAuts
     D:4: 359 daAuts
